[Event "Gibraltar Junior Intl U16 2019"]
[Site "Caleta"]
[Date "2019.08.16"]
[Round "2.18"]
[White "Rayner, Hugo"]
[Black "Shepherd, Tom"]
[Result "0-1"]
[ECO "B23"]
[WhiteElo "1448"]
[BlackElo "1659"]
[Annotator "NA"]
[PlyCount "106"]
[EventDate "2019.08.16"]
[EventType "swiss"]
[EventCountry "GGB"]
[SourceTitle "playchess.com"]
[Source "ChessBase"]
[SourceQuality "1"]
[TimeControl "6600+10"]

1. e4 c5 2. Nc3 d6 3. f4 g6 4. Nf3 Bg7 5. Bc4 Nc6 6. O-O e6 7. d3 Nge7 8. Bb3 O-O 9. Bd2 a6 10. a4 Nd4 11. Nxd4 Bxd4+ 12. Kh1 Nc6 13. Qe1 Bg7 14. Ra3 Rb8 15. Ra2 Nd4 16. Ne2 Nxb3 17. cxb3 b5 18. Bc3 b4 19. Bxg7 Kxg7 20. d4 Bb7 21. dxc5 dxc5 22. Ng3 f5 23. exf5 exf5 24. Ra1 Qd5 25. Qe5+ Qxe5 26. fxe5 Rfe8 27. Rfe1 Rbd8 28. Kg1 Rd5 29. Rad1 Bc6 30. Rxd5 Bxd5 31. Rc1 Rc8 32. a5 Bxb3 33. Kf2 Kf7 34. Ne2 c4 35. Nd4 Ba4 36. Nc2 Bxc2 37. Rxc2 Ke6 38. Ke3 Kxe5 39. g3 c3 40. bxc3 Rxc3+ 41. Rxc3 bxc3 42. Kd3 Kd5 43. Kxc3 Kc5 44. h4 h6 45. Kd3 Kb5 46. Kd4 Kxa5 47. Ke5 g5 48. h5 f4 49. gxf4 gxf4 50. Kxf4 Kb4 51. Kf5 a5 52. Kg6 a4 53. Kxh6 a3 0-1

[Event "Gibraltar Junior Intl U16 2019"]
[Site "Caleta"]
[Date "2019.08.16"]
[Round "2.19"]
[White "Patel, Devan"]
[Black "Gaspar Lopez, Rocio"]
[Result "1/2-1/2"]
[ECO "D31"]
[WhiteElo "1659"]
[BlackElo "1367"]
[Annotator "NA"]
[PlyCount "70"]
[EventDate "2019.08.16"]
[EventType "swiss"]
[EventCountry "GGB"]
[SourceTitle "playchess.com"]
[Source "ChessBase"]
[SourceQuality "1"]
[TimeControl "6600+10"]

1. d4 d5 2. c4 e6 3. Nc3 c6 4. Nf3 dxc4 5. e4 b5 6. a4 Bb4 7. Be2 Bb7 8. O-O a6 9. Qc2 Nf6 10. Bg5 Be7 11. e5 Nd5 12. Ne4 O-O 13. Nd6 Qc7 14. Bxe7 Nxe7 15. Ng5 g6 16. Nge4 Nf5 17. Nf6+ Kh8 18. Qd2 Nd7 19. Nxf5 Nxf6 20. Qh6 Rg8 21. Ra3 Ne8 22. Rh3 f6 23. Ne3 Qg7 24. f4 Qxh6 25. Rxh6 f5 26. Rf3 Rg7 27. Rfh3 Kg8 28. Nf1 Nc7 29. Nd2 Rd8 30. Nf3 Rdd7 31. Ng5 Rde7 32. Kf2 Nd5 33. Rf3 Nb4 34. Rfh3 Nd5 35. Rf3 Nb4 1/2-1/2

[Event "Gibraltar Junior Intl U16 2019"]
[Site "Caleta"]
[Date "2019.08.16"]
[Round "2.20"]
[White "Popham, Sarah"]
[Black "Hirst, Joe"]
[Result "0-1"]
[ECO "A49"]
[WhiteElo "1372"]
[BlackElo "1639"]
[Annotator "NA"]
[PlyCount "108"]
[EventDate "2019.08.16"]
[EventType "swiss"]
[EventCountry "GGB"]
[SourceTitle "playchess.com"]
[Source "ChessBase"]
[SourceQuality "1"]
[TimeControl "6600+10"]

1. Nf3 Nf6 2. g3 g6 3. Bg2 Bg7 4. d4 O-O 5. O-O d6 6. Nc3 Nbd7 7. Re1 c6 8. e4 Qc7 9. Bf4 e5 10. dxe5 dxe5 11. Be3 Ng4 12. Qd2 Nxe3 13. Qxe3 Nb6 14. Qc5 Nd7 15. Qc4 Nf6 16. Rad1 Be6 17. Qc5 Nh5 18. Qd6 Qb6 19. b3 Rfd8 20. Qa3 Bf8 21. Qc1 Bb4 22. Qa1 Qa5 23. Re3 Bxc3 24. Rxd8+ Rxd8 25. Rxc3 Nf6 26. Rd3 Rxd3 27. cxd3 Bxb3 28. a3 Nd7 29. Bh3 Qc7 30. Bxd7 Qxd7 31. Nxe5 Qd6 32. Qb2 b6 33. d4 Be6 34. Qc3 Bd7 35. Qc4 Be6 36. Qxc6 Qxd4 37. Nf3 Qf6 38. Kg2 Bh3+ 39. Kxh3 Qxc6 40. Ng5 h6 41. Nf3 Qxe4 42. Kg2 g5 43. h3 h5 44. a4 g4 45. hxg4 hxg4 46. Kf1 Qxf3 47. a5 Qd1+ 48. Kg2 b5 49. Kh2 b4 50. f3 b3 51. Kg2 Qxf3+ 52. Kg1 Qxg3+ 53. Kf1 Qh2 54. Ke1 b2 0-1

[Event "Gibraltar Junior Intl U16 2019"]
[Site "Caleta"]
[Date "2019.08.16"]
[Round "2.21"]
[White "Major, Richard"]
[Black "Khan, Samir"]
[Result "0-1"]
[ECO "C01"]
[WhiteElo "1615"]
[BlackElo "1282"]
[Annotator "NA"]
[PlyCount "88"]
[EventDate "2019.08.16"]
[EventType "swiss"]
[EventCountry "GGB"]
[SourceTitle "playchess.com"]
[Source "ChessBase"]
[SourceQuality "1"]
[TimeControl "6600+10"]

1. e4 e6 2. d4 d5 3. exd5 exd5 4. Nf3 Nf6 5. c4 Be6 6. cxd5 Nxd5 7. Nc3 Bb4 8. Bd2 O-O 9. Be2 Re8 10. O-O Bxc3 11. bxc3 Qd6 12. Rb1 Nb6 13. Qc2 Bxa2 14. Qxa2 Rxe2 15. Ne5 Qd5 16. Qc2 N8d7 17. Rbe1 Rxe1 18. Rxe1 Nxe5 19. Rxe5 Qd6 20. Qb3 Qc6 21. Rc5 Qd7 22. Bf4 c6 23. h3 Nd5 24. Bg3 a5 25. c4 b6 26. cxd5 bxc5 27. dxc6 Qxc6 28. Qc4 a4 29. d5 Qc8 30. d6 a3 31. d7 Qxd7 32. Qb3 a2 33. Be5 a1=Q+ 34. Bxa1 Rxa1+ 35. Kh2 h6 36. Qb8+ Kh7 37. Qe5 Ra5 38. g4 Qc6 39. g5 hxg5 40. h4 gxh4 41. Qh5+ Qh6 42. Qxf7 Qd6+ 43. Kh3 Ra3+ 44. f3 Qg3# 0-1

[Event "Gibraltar Junior Intl U16 2019"]
[Site "Caleta"]
[Date "2019.08.16"]
[Round "2.22"]
[White "Seleznev, Egor"]
[Black "Harbinson, Alec Ryan"]
[Result "1-0"]
[ECO "D02"]
[WhiteElo "1590"]
[BlackElo "1118"]
[Annotator "NA"]
[PlyCount "117"]
[EventDate "2019.08.16"]
[EventType "swiss"]
[EventCountry "GGB"]
[SourceTitle "playchess.com"]
[Source "ChessBase"]
[SourceQuality "1"]
[TimeControl "6600+10"]

1. d4 Nf6 2. Nf3 e6 3. Bf4 d5 4. e3 Nc6 5. c3 Bd6 6. Nbd2 Qe7 7. Ne5 Bxe5 8. dxe5 Nd7 9. Nf3 h6 10. Bb5 a6 11. Bxc6 bxc6 12. Nd4 Bb7 13. Qe2 c5 14. Nc2 c6 15. e4 Qh4 16. g3 Qd8 17. b3 Qc7 18. exd5 cxd5 19. O-O g5 20. Be3 Qxe5 21. Qd2 Qd6 22. f3 Qc6 23. b4 c4 24. Nd4 Qc7 25. f4 Nf6 26. Nf3 Ne4 27. Qd4 f6 28. Rfc1 gxf4 29. Bxf4 Qc6 30. Rf1 Ke7 31. a4 a5 32. bxa5 Rxa5 33. Rfb1 Bc8 34. Nd2 Nxd2 35. Bxd2 Qc5 36. Be3 Qxd4 37. Bxd4 Bd7 38. Bb6 Ra6 39. a5 f5 40. Bc5+ Kf6 41. Rb6 Rxb6 42. axb6 Bc6 43. Ra6 Rh7 44. Bd4+ Kg5 45. Be5 Rb7 46. Bc7 h5 47. Ra8 Kg6 48. Rg8+ Kh6 49. Rd8 Kg6 50. Rd6 Be8 51. Rxe6+ Kf7 52. Re5 Kg6 53. Rxd5 Bf7 54. Rd6+ Kg5 55. h3 h4 56. Bd8+ Kh5 57. gxh4 Bg6 58. Bg5 Rb8 59. Rd8 1-0

[Event "Gibraltar Junior Intl U16 2019"]
[Site "Caleta"]
[Date "2019.08.16"]
[Round "2.23"]
[White "Dhanwani, Aryan"]
[Black "Dharmasena, Gavith"]
[Result "0-1"]
[ECO "C50"]
[WhiteElo "1319"]
[BlackElo "1585"]
[Annotator "NA"]
[PlyCount "102"]
[EventDate "2019.08.16"]
[EventType "swiss"]
[EventCountry "GGB"]
[SourceTitle "playchess.com"]
[Source "ChessBase"]
[SourceQuality "1"]
[TimeControl "6600+10"]

1. e4 e5 2. Nf3 Nc6 3. Bc4 Bc5 4. d3 Nf6 5. Nc3 O-O 6. Bg5 h6 7. Bh4 Be7 8. Bxf6 Bxf6 9. Nd5 d6 10. O-O Bg4 11. c3 Na5 12. Ne3 Bh5 13. b4 Nxc4 14. Nxc4 c6 15. Ncd2 d5 16. Qc2 Rc8 17. d4 dxe4 18. Qxe4 exd4 19. cxd4 Bg6 20. Qf4 Qb6 21. a3 Rcd8 22. Nb3 Rfe8 23. Rfe1 Rxe1+ 24. Rxe1 Bh5 25. g4 Bg6 26. Nc5 Qb5 27. Ne4 Bxe4 28. Rxe4 Qd3 29. Qe3 Qd1+ 30. Kg2 Kf8 31. Qc3 Rd5 32. Ne5 Bxe5 33. dxe5 Qd3 34. Qxd3 Rxd3 35. Re3 Rxe3 36. fxe3 Ke7 37. Kf3 Ke6 38. Ke4 b6 39. h4 c5 40. bxc5 bxc5 41. a4 g5 42. h5 a5 43. Kd3 Kxe5 44. Kc4 f5 45. gxf5 Kxf5 46. Kb5 g4 47. Kxa5 g3 48. e4+ Kxe4 49. Kb6 g2 50. a5 g1=Q 51. a6 c4+ 0-1

[Event "Gibraltar Junior Intl U16 2019"]
[Site "Caleta"]
[Date "2019.08.16"]
[Round "2.24"]
[White "Moughtin-Leay, John"]
[Black "Nayak, Aurideep"]
[Result "0-1"]
[ECO "A85"]
[WhiteElo "1215"]
[BlackElo "1546"]
[Annotator "NA"]
[PlyCount "106"]
[EventDate "2019.08.16"]
[EventType "swiss"]
[EventCountry "GGB"]
[SourceTitle "playchess.com"]
[Source "ChessBase"]
[SourceQuality "1"]
[TimeControl "6600+10"]

1. c4 f5 2. Nc3 Nf6 3. d4 e6 4. f3 Bb4 5. a3 Bxc3+ 6. bxc3 d6 7. Bg5 Nbd7 8. Qc2 h6 9. Bh4 O-O 10. e3 Qe8 11. Bd3 b6 12. Ne2 Bb7 13. Rb1 Rb8 14. O-O d5 15. Ng3 g5 16. Nxf5 exf5 17. Bg3 Qxe3+ 18. Kh1 Qe7 19. Bxc7 Rbc8 20. Rfe1 Qf7 21. Bd6 Rfe8 22. Bxf5 Kg7 23. c5 Rxe1+ 24. Rxe1 Re8 25. Rxe8 Qxe8 26. h3 bxc5 27. Bxd7 Nxd7 28. Qb3 Qc8 29. dxc5 Nxc5 30. Bxc5 Qxc5 31. Qxb7+ Kg6 32. Qb1+ Kf6 33. Qb2 Ke5 34. c4+ d4 35. Qe2+ Kd6 36. Qd3 Qe5 37. Qg6+ Qe6 38. c5+ Kd5 39. Qxe6+ Kxe6 40. Kg1 Kd5 41. c6 Kxc6 42. Kf2 Kc5 43. Ke2 Kc4 44. Kd2 Kb3 45. Kd3 Kxa3 46. Kc4 a5 47. g3 Kb2 48. Kxd4 a4 49. Ke4 a3 50. Kf5 a2 51. Kg6 a1=Q 52. Kh5 Qa6 53. Kg4 Qe6+ 0-1

[Event "Gibraltar Junior Intl U16 2019"]
[Site "Caleta"]
[Date "2019.08.17"]
[Round "3.1"]
[White "Garrido Outon, Alex"]
[Black "Serrano Almendros, Alejandro"]
[Result "1-0"]
[ECO "C14"]
[WhiteElo "2231"]
[BlackElo "1922"]
[Annotator "ChessBase"]
[PlyCount "82"]
[EventDate "2019.08.16"]
[EventType "swiss"]
[EventCountry "GGB"]
[SourceTitle "playchess.com"]
[Source "ChessBase"]
[SourceQuality "1"]
[TimeControl "6600+10"]

1. e4 e6 2. d4 d5 3. Nc3 Nf6 4. Bg5 Be7 5. e5 Nfd7 6. Bxe7 Qxe7 7. Qg4 O-O 8. Bd3 c5 9. Nf3 f6 10. exf6 Qxf6 11. O-O-O cxd4 12. Nb5 Nc6 13. Nc7 Nde5 14. Nxe5 Nxe5 15. Bxh7+ Kxh7 16. Qh5+ Kg8 17. Nxa8 Nc6 18. Rd3 e5 19. Rf3 Bf5 20. g4 Bxg4 21. Rxf6 Bxh5 22. Rxf8+ Kxf8 23. Rg1 Bf7 24. Nc7 g6 25. f4 e4 26. Rg5 Ne7 27. Nb5 Nf5 28. Nxa7 Ke7 29. Nb5 Be8 30. Nc7 Bf7 31. b4 Kf6 32. a4 Ke7 33. a5 Kd6 34. Nb5+ Kc6 35. Rxf5 gxf5 36. Nxd4+ Kd7 37. Nxf5 d4 38. Nxd4 Kd6 39. Kd2 Kd5 40. Ke3 Kc4 41. b5 Kd5 {Kxe4+} 1-0

[Event "Gibraltar Junior Intl U16 2019"]
[Site "Caleta"]
[Date "2019.08.17"]
[Round "3.2"]
[White "Llena Velarde, David"]
[Black "Cuellar Montes, Alejandro"]
[Result "1-0"]
[ECO "C41"]
[WhiteElo "1920"]
[BlackElo "2143"]
[Annotator "ChessBase"]
[PlyCount "119"]
[EventDate "2019.08.16"]
[EventType "swiss"]
[EventCountry "GGB"]
[SourceTitle "playchess.com"]
[Source "ChessBase"]
[SourceQuality "1"]
[TimeControl "6600+10"]

1. e4 d6 2. d4 Nf6 3. Nc3 Nbd7 4. Nf3 e5 5. Bc4 Be7 6. O-O O-O 7. h3 c6 8. a4 a5 9. Be3 exd4 10. Qxd4 Nc5 11. e5 dxe5 12. Qxd8 Rxd8 13. Nxe5 Be6 14. Bxe6 fxe6 15. Rfd1 Nd5 16. Bxc5 Bxc5 17. Ne4 Be7 18. c3 Nf4 19. Nc4 Nd3 20. Rd2 Nc5 21. Nxc5 Bxc5 22. Re1 Rxd2 23. Nxd2 Rf8 24. Ne4 Be7 25. Rd1 Rb8 26. Kf1 Kf8 27. Ke2 b5 28. axb5 cxb5 29. Rd7 b4 30. Ra7 bxc3 31. bxc3 Rb2+ 32. Kd3 Ra2 33. c4 Ke8 34. c5 Kd8 35. c6 a4 36. c7+ Kc8 37. Nc3 Ra3 38. Kc4 Rb3 39. Rxa4 Ra3 40. Rxa3 Bxa3 41. Nb5 Be7 42. Kd4 Kd7 43. f4 Bh4 44. g4 Bg3 45. Ke4 g6 46. Nd4 h5 47. Nxe6 hxg4 48. hxg4 Be1 49. Kd5 Bd2 50. g5 Bc1 51. Kc5 Be3+ 52. Kb5 Kc8 53. Ka6 Bd2 54. Kb5 Be3 55. Kc4 Bc1 56. Kd5 Ba3 57. f5 gxf5 58. g6 Bb2 59. Nd4 Bxd4 60. Kxd4 1-0

[Event "Gibraltar Junior Intl U16 2019"]
[Site "Caleta"]
[Date "2019.08.17"]
[Round "3.3"]
[White "Perez Beltran, Salvador"]
[Black "Howell, Oliver W"]
[Result "1/2-1/2"]
[ECO "C05"]
[WhiteElo "2103"]
[BlackElo "1847"]
[Annotator "ChessBase"]
[PlyCount "93"]
[EventDate "2019.08.16"]
[EventType "swiss"]
[EventCountry "GGB"]
[SourceTitle "playchess.com"]
[Source "ChessBase"]
[SourceQuality "1"]
[TimeControl "6600+10"]

1. e4 e6 2. d4 d5 3. Nd2 Nf6 4. e5 Nfd7 5. f4 c5 6. c3 Nc6 7. Ndf3 cxd4 8. cxd4 Bb4+ 9. Kf2 O-O 10. Bd3 f5 11. Ne2 Nb6 12. a3 Be7 13. h4 h5 14. Ng5 g6 15. g4 Bxg5 16. hxg5 hxg4 17. Rh6 Kg7 18. Bd2 Rh8 19. Qh1 Bd7 20. Qh4 Qg8 21. Rh1 Rxh6 22. gxh6+ Kh7 23. Bb5 Qd8 24. Qg5 Nxe5 25. fxe5 Bxb5 26. Qxd8 Rxd8 27. Bg5 Rc8 28. Nf4 Bd7 29. Bf6 Rg8 30. Bg7 Nc4 31. Ke2 b6 32. Rc1 Rc8 33. Nd3 Na5 34. Rxc8 Bxc8 35. Nf4 Nc4 36. b3 Nxa3 37. Kd2 Nb5 38. Kd3 Nc7 39. Ke3 a5 40. Kf2 b5 41. Kg3 Bd7 42. Kh4 Be8 43. Kg5 a4 44. bxa4 b4 45. Bf8 b3 46. Ba3 g3 47. a5 1/2-1/2

[Event "Gibraltar Junior Intl U16 2019"]
[Site "Caleta"]
[Date "2019.08.17"]
[Round "3.4"]
[White "Gutierrez Lupion, Daniel"]
[Black "Cesar Maestre, Bernardo"]
[Result "0-1"]
[ECO "B23"]
[WhiteElo "1811"]
[BlackElo "2084"]
[Annotator "NA"]
[PlyCount "54"]
[EventDate "2019.08.16"]
[EventType "swiss"]
[EventCountry "GGB"]
[SourceTitle "playchess.com"]
[Source "ChessBase"]
[SourceQuality "1"]
[TimeControl "6600+10"]

1. e4 c5 2. Nc3 Nc6 3. f4 g6 4. Nf3 Bg7 5. Bb5 Nd4 6. O-O a6 7. Bc4 {[%emt 0:00:56] B23: Closed Sicilian: Lines without g3} (7. Bd3 Nc6 8. e5 d6 9. Qe2 dxe5 10. fxe5 Nh6 11. Kh1 Bg4 12. Be4 Rc8 13. d3 Nf5 14. e6 f6 15. Qf2 {1-0 (37) Petrosian,T (2648)-Jaracz,P (2548) Warsaw 2012}) 7... e6 8. d3 Ne7 9. Bb3 d5 10. Nxd4 cxd4 11. Ne2 dxe4 12. dxe4 O-O 13. Ng3 b5 14. Qg4 Nc6 $146 ({Predecessor:} 14... a5) 15. f5 exf5 16. exf5 Na5 17. Bg5 Qd7 $1 18. Qh4 Nxb3 19. f6 Bh8 20. axb3 Qd5 21. Rad1 Bb7 22. Rd2 $16 (22. Rf3 $18) 22... Rfe8 23. Qh6 d3 24. h3 Re2 25. Rf2 Rxf2 26. Rxf2 dxc2 27. Rxc2 Qd1+ 0-1

[Event "Gibraltar Junior Intl U16 2019"]
[Site "Caleta"]
[Date "2019.08.17"]
[Round "3.5"]
[White "Kracht, Raphael"]
[Black "Krivenko, Dion"]
[Result "1/2-1/2"]
[ECO "B22"]
[WhiteElo "2072"]
[BlackElo "1810"]
[Annotator "NA"]
[PlyCount "85"]
[EventDate "2019.08.16"]
[EventType "swiss"]
[EventCountry "GGB"]
[SourceTitle "playchess.com"]
[Source "ChessBase"]
[SourceQuality "1"]
[TimeControl "6600+10"]

1. e4 c5 2. d4 cxd4 3. c3 Nf6 4. e5 Nd5 5. Nf3 Nc6 6. Bc4 e6 7. cxd4 d6 8. O-O Be7 9. a3 O-O 10. Qe2 Bd7 11. Re1 Rc8 12. b4 Qb6 13. Bb2 Nf4 14. Qd2 Nxe5 15. dxe5 Rxc4 16. Bd4 (16. exd6 $1 $15 Bxd6 17. Nc3) 16... Rxd4 17. Nxd4 {[%emt 0:06:41] [#]} dxe5 $2 (17... Bg5 $1 $19 18. Qd1 {[#]} Ba4 $1 ) 18. Nf3 Bc6 $17 19. Qe3 Qxe3 20. fxe3 Nh3+ 21. gxh3 Bxf3 22. Nd2 Bc6 23. Nc4 e4 24. Rac1 f5 25. Red1 Bg5 26. Re1 Bf6 27. Na5 Bd5 28. Re2 Bd8 29. Rc8 Bxa5 30. Rxf8+ Kxf8 31. bxa5 a6 32. Rc2 Bc6 33. Kf2 g5 34. h4 h6 35. hxg5 hxg5 36. Kg3 Ke7 37. h4 gxh4+ 38. Kxh4 Kf6 39. Kg3 Ke5 40. Rd2 Bd5 41. Rc2 Bc6 42. Rd2 Bd5 43. Rc2 1/2-1/2

[Event "Gibraltar Junior Intl U16 2019"]
[Site "Caleta"]
[Date "2019.08.17"]
[Round "3.6"]
[White "Revaliente Montoya, Ciro"]
[Black "Volovich, Julia"]
[Result "1-0"]
[ECO "C03"]
[WhiteElo "2006"]
[BlackElo "1726"]
[Annotator "NA"]
[PlyCount "47"]
[EventDate "2019.08.16"]
[EventType "swiss"]
[EventCountry "GGB"]
[SourceTitle "playchess.com"]
[Source "ChessBase"]
[SourceQuality "1"]
[TimeControl "6600+10"]

1. e4 e6 2. d4 d5 3. Nd2 Be7 4. e5 c5 5. c3 Nc6 6. Bd3 cxd4 7. cxd4 Bb4 8. a3 Ba5 9. b4 Bb6 10. Nb3 Nge7 11. Qg4 Ng6 12. Nf3 a6 (12... a5 $142) 13. h4 h5 $18 14. Qg3 Qc7 15. Bxg6 fxg6 16. Qxg6+ Kf8 17. Ng5 Nxd4 18. Nxd4 Bxd4 19. Rh3 Bxe5 20. Rf3+ Bf6 21. Rxf6+ gxf6 22. Qxf6+ Kg8 23. Bb2 Rh7 24. Qg6+ 1-0

[Event "Gibraltar Junior Intl U16 2019"]
[Site "Caleta"]
[Date "2019.08.17"]
[Round "3.7"]
[White "Usharovsky, Ron"]
[Black "Tadevosyan, Aspet"]
[Result "1/2-1/2"]
[ECO "B07"]
[WhiteElo "1670"]
[BlackElo "2038"]
[Annotator "NA"]
[PlyCount "169"]
[EventDate "2019.08.16"]
[EventType "swiss"]
[EventCountry "GGB"]
[SourceTitle "playchess.com"]
[Source "ChessBase"]
[SourceQuality "1"]
[TimeControl "6600+10"]

1. e4 d6 2. d4 Nf6 3. Nc3 g6 4. Bd3 Bg7 5. Nge2 O-O 6. Be3 {[%emt 0:00:45] B07: Pirc Defence: Miscellaneous Systems} Ng4 7. Qd2 Nxe3 8. Qxe3 Nc6 9. O-O-O e5 10. d5 Nd4 11. Nb5 $146 ({Predecessor:} 11. f3 a6 12. g4 b5 13. Rdg1 b4 {1-0 (45) Kutschke,J (1977)-Theilig,R (1622) Berlin 2017}) 11... f5 12. Nbxd4 exd4 13. Qg3 f4 14. Qf3 g5 (14... Qh4 $15 15. h3 Qf6) 15. Qh5 h6 16. h4 g4 17. g3 fxg3 18. fxg3 Qe8 19. Qxe8 Rxe8 20. Rhf1 Bd7 21. Nf4 Be5 22. Rf2 Rf8 23. Rdf1 Rae8 24. Bc4 a5 $11 25. Be2 Kh7 26. Kd2 Kg8 27. Kc1 a4 28. a3 Kh7 29. h5 Kg7 30. Kd2 Bf6 31. Bd3 Bg5 32. Kd1 c5 33. Ne6+ Bxe6 34. Rxf8 Rxf8 35. Rxf8 Kxf8 36. dxe6 Ke7 37. Be2 Kxe6 38. Bxg4+ Ke5 39. Bc8 b6 40. Bb7 Be3 41. Ke2 Bc1 42. b3 Bxa3 43. bxa4 Bc1 44. Kd3 Be3 45. Bc8 Bg5 46. Bd7 d5 47. exd5 Kxd5 48. Bb5 Be3 49. g4 Bg5 50. c4+ Ke5 51. Bd7 Kf4 52. Bf5 Kf3 53. Bd7 Kf2 54. Bf5 Ke1 55. Be6 Kd1 56. Bf5 Kc1 57. Bd7 Be3 58. Be6 Kd1 59. Bf5 Ke1 60. Be6 Kf2 61. Bf5 Kf3 62. Bd7 Kf4 63. Bf5 Ke5 64. Bd7 Kf6 65. Bf5 Ke7 66. Bc8 Bg5 67. Bf5 Kd6 68. Bc8 Kc7 69. Bf5 Kd8 70. Be6 Ke7 71. Bf5 Kd6 72. Bc8 Bc1 73. Bf5 Ke5 74. Bc8 Bg5 75. Bf5 Kf4 76. Bd7 Ke5 77. Bf5 Kd6 78. Bc8 Kc6 79. Bf5 Kb7 80. Be6 Ka6 81. Bf5 Ka5 82. Bd7 Kb4 83. Be8 Kb3 84. Bd7 Kb4 85. Ke4 1/2-1/2

[Event "Gibraltar Junior Intl U16 2019"]
[Site "Caleta"]
[Date "2019.08.17"]
[Round "3.8"]
[White "Shepherd, Tom"]
[Black "Martinez Soriano, Javier"]
[Result "1-0"]
[ECO "E19"]
[WhiteElo "1659"]
[BlackElo "1992"]
[Annotator "NA"]
[PlyCount "66"]
[EventDate "2019.08.16"]
[EventType "swiss"]
[EventCountry "GGB"]
[SourceTitle "playchess.com"]
[Source "ChessBase"]
[SourceQuality "1"]
[TimeControl "6600+10"]

1. d4 e6 2. c4 b6 3. Nf3 Bb7 4. g3 f5 5. Bg2 Nf6 6. O-O Be7 7. Nc3 Ne4 8. Qc2 Nxc3 9. Qxc3 Bf6 10. b3 O-O 11. Bb2 c5 {[%emt 0:02:27] E19: Queen's Indian: Old Main Line with 7...Ne4 8 Qc2 Nxc3 8 Qxc3} (11... d6 12. Rad1 Qe8 13. Ne1 Bxg2 14. Nxg2 a5 15. Qf3 Nd7 16. e4 fxe4 17. Qxe4 e5 18. Qd5+ Qf7 19. Ne3 a4 20. b4 {1-0 (72) Stefansson,H (2573)-Salgado Lopez,I (2628) Jerusalem 2015}) 12. Qd2 Qe7 13. Rad1 Rd8 $146 ({Predecessor:} 13... d5 14. cxd5 Bxd5 15. dxc5 Bxb2 16. Qxb2 Qxc5 17. Rc1 Qe7 18. Ne5 Bxg2 19. Kxg2 {½-½ (83) Zikan,K (1798)-Hruska,V (1975) Brno 2010}) 14. dxc5 bxc5 15. Bxf6 Qxf6 16. Qd6 Qf8 17. Qc7 Bc6 {[%emt 0:01:11] [#]} 18. Ne5 $1 Bxg2 19. Kxg2 d6 20. Qb7 $18 Na6 21. Qxa6 dxe5 22. Qxe6+ Kh8 23. Qxe5 Re8 24. Qb2 Qe7 25. e3 Qe4+ 26. Kg1 Qg4 27. Rfe1 Re6 28. Qe2 Qh3 29. Qf3 Rae8 30. Qg2 Qg4 31. Rd7 h6 32. Red1 f4 33. gxf4 Qxg2+ 1-0

[Event "Gibraltar Junior Intl U16 2019"]
[Site "Caleta"]
[Date "2019.08.17"]
[Round "3.9"]
[White "Akeya-Price, Robert"]
[Black "Walker, Max"]
[Result "1-0"]
[ECO "E67"]
[WhiteElo "1988"]
[BlackElo "1667"]
[Annotator "NA"]
[PlyCount "131"]
[EventDate "2019.08.16"]
[EventType "swiss"]
[EventCountry "GGB"]
[SourceTitle "playchess.com"]
[Source "ChessBase"]
[SourceQuality "1"]
[TimeControl "6600+10"]

1. d4 Nf6 2. c4 g6 3. Nc3 Bg7 4. Nf3 O-O 5. g3 d6 6. Bg2 Nbd7 7. O-O a6 8. b3 c6 9. Qc2 {[%emt 0:11:47] E67: King's Indian: Fianchetto: 6...Nbd7} Re8 10. Rd1 Qc7 11. e4 e5 12. Ba3 exd4 $146 ({Predecessor:} 12... Bf8 13. Bb2 b5 14. cxb5 cxb5 15. Rac1 Bb7 16. dxe5 dxe5 17. Qe2 Qb6 18. Ne1 Rac8 {½-½ (18) Lajthajm,B (2443)-Martic,I (2383) Novi Sad 2015}) 13. Nxd4 c5 14. Nde2 Ne5 15. f4 Nc6 16. Bb2 Bg4 17. h3 Nd4 18. Qd3 Bxe2 19. Nxe2 Nxe2+ 20. Qxe2 Re7 21. Qd3 $11 Rae8 22. e5 dxe5 23. Bxe5 Qc8 24. Qc3 Nh5 25. Re1 Bxe5 26. Rxe5 Rxe5 27. fxe5 Ng7 28. Rf1 Nf5 29. Bd5 Re7 30. Qf3 Qc7 31. g4 Nd4 32. Qf6 Ne6 33. h4 Nd8 34. Qd6 Qd7 35. Qxd7 Rxd7 36. Kg2 Re7 37. Re1 Kf8 38. Kf3 Ke8 39. g5 Kd7 40. Ke4 Ne6 41. Bxb7 Nc7 42. Rd1+ Ke8 43. Bc6+ Kf8 44. Rd8+ Kg7 45. Rd7 Kf8 46. Rd8+ Kg7 47. Bd5 h6 48. Rd6 hxg5 49. hxg5 Kf8 50. Rc6 Ke8 51. Rxc5 Kd7 52. Rc6 Kd8 53. Rf6 Ke8 54. b4 Kf8 55. a4 Ke8 56. b5 a5 57. b6 Na6 58. Kd4 Nb8 59. c5 Kd8 60. c6 Kc8 61. Kc5 Rxe5 62. b7+ Kd8 63. Rxf7 Na6+ 64. Kd6 Re8 65. c7+ Nxc7 66. b8=Q# 1-0

[Event "Gibraltar Junior Intl U16 2019"]
[Site "Caleta"]
[Date "2019.08.17"]
[Round "3.10"]
[White "Hirst, Joe"]
[Black "Tombolis, Christopher"]
[Result "0-1"]
[ECO "B38"]
[WhiteElo "1639"]
[BlackElo "1874"]
[Annotator "NA"]
[PlyCount "58"]
[EventDate "2019.08.16"]
[EventType "swiss"]
[EventCountry "GGB"]
[SourceTitle "playchess.com"]
[Source "ChessBase"]
[SourceQuality "1"]
[TimeControl "6600+10"]

1. e4 c5 2. Nf3 Nc6 3. d4 cxd4 4. Nxd4 g6 5. c4 Bg7 6. Be3 d6 7. Nc3 Nf6 8. Be2 O-O 9. O-O Bd7 10. f3 Re8 {[%emt 0:22:33] B38: Sicilian: Maroczy Bind with 5...Bg7 and 7...0-0} (10... Nxd4 11. Bxd4 Bc6 12. Qd2 a5 13. b3 Nd7 14. Be3 Nc5 15. Rac1 e6 16. Nb5 Be5 17. Bg5 Qb6 18. Qe3 Bxb5 19. cxb5 Rfc8 20. Kh1 a4 21. b4 Nd7 22. Qd2 Qd4 23. Qxd4 Bxd4 {0-1 (39) Lenderman,A (2637)-Shimanov,A (2610) chess.com INT 2019}) 11. Qd2 Qa5 12. a3 Rac8 13. b4 Qh5 14. Nxc6 $146 ({Predecessor:} 14. Rac1 Nxd4 15. Bxd4 Bh6 16. Be3 Bxe3+ 17. Qxe3 Be6 18. Qxa7 Ra8 19. Qxb7 Rxa3 {½-½ (43) Eising,J-Jaeger,H Bad Mondorf 1974}) 14... bxc6 15. g4 Qh3 16. Rf2 h6 17. Bf1 Qh4 18. Rg2 Nh7 19. Bxa7 Qf6 20. Rc1 Qxf3 21. Be2 Qf6 22. Bf2 Ng5 23. Rg3 Qe5 24. Bd3 Qxg3+ 25. Bxg3 Nf3+ 26. Kg2 Nxd2 27. h3 Ra8 28. Be1 Nb3 29. Rb1 Rxa3 $19 0-1